 Dungeon Crawl Stone Soup version 0.31-a0-662-g684573625c (webtiles) character file.

Game seed: 14143729350636173386

1727854 Midn8 the Middleweight Champion (level 25, 132/227 HPs)
             Began as a Demonspawn Artificer on Sept 1, 2023.
             Was the Champion of Wu Jian.
             Escaped with the Orb
             ... and 3 runes!
             The game lasted 03:09:30 (62809 turns).

Midn8 the Middleweight Champion (DsAr)             Turns: 62809, Time: 03:09:31

Health: 132/227    AC: 44    Str: 28    XL:     25   Next: 67%
Magic:  25/25      EV: 10    Int: 22    God:    Wu Jian [******]
Gold:   830        SH: 21    Dex: 16    Spells: 24/24 levels left

rFire   + +          +
                       - Unarmed
rCold   + . .        V - +0 tower shield
rNeg    + . .        i - +7 crystal plate armour
rPois   +            v - +2 helmet
rElec   .            m - scarf {rC+ rF+}
rCorr   +            (gloves unavailable)
SInv    .            B - +2 pair of boots "Echauxat" {Int+5 Stlth+}
Will    +++++        e - amulet of the Four Winds {rN+ Will+++ Clar} Stlth
                     E - +6 ring of strength
HPRegen 0.57/turn    h - ring of Departure {rPois Will+ rCorr Str+6 Int-2}
MPRegen 0.19/turn

%: clarity
@: no status effects
A: claws 3, molten scales 3, demonic guardian 3, spiny 3, black mark,
bedeviling, clever 1, deterioration 1, fire resistance 1, high MP 1,
strong-willed 1, sense surroundings 1, weak 1, MP-powered wands
0: Orb of Zot
}: 3/15 runes: serpentine, barnacled, silver
a: Renounce Religion, Wall Jump, Serpent's Lash, Heavenly Storm


You escaped.
You worshipped Wu Jian.
Wu Jian was exalted by your worship.
You visited 9 branches of the dungeon, and saw 47 of its levels.
You also visited: Volcano.

You collected 7304 gold pieces.
You spent 6474 gold pieces at shops.

Inventory:

Missiles
 k - 5 throwing nets
 n - 36 poisoned darts
 q - 10 javelins
 Q - 41 boomerangs
 W - 4 curare-tipped darts (quivered)
Armour
 i - a +7 crystal plate armour (worn)
 m - a scarf of resistance (worn)
 v - a +2 helmet (worn)
 x - a +0 kite shield
 B - the +2 pair of boots "Echauxat" (worn) {Int+5 Stlth+}
   (You acquired it on level 3 of the Vaults)

   Int+5:     It affects your intelligence (+5).
   Stlth+:    It makes you more stealthy.
 V - a +0 tower shield (worn)
Jewellery
 e - the amulet of the Four Winds (around neck) {rN+ Will+++ Clar}
   (You found it on level 4 of the Shoals)

   [amulet of nothing]

   rN+:       It protects you from negative energy.
   Will+++:   It greatly increases your willpower.
   Clar:      It protects you from confusion, rage, mesmerisation and fear.
 h - the ring of Departure (right claw) {rPois Will+ rCorr Str+6 Int-2}
   (You found it on level 5 of the Lair of Beasts)

   [ring of poison resistance]

   Str+6:     It affects your strength (+6).
   Int-2:     It affects your intelligence (-2).
   rPois:     It protects you from poison Will+: It increases your willpower.
   rCorr:     It protects you from acid and corrosion.
 o - an amulet of regeneration
 E - a +6 ring of strength (left claw)
Wands
 c - a wand of flame (64)
 d - a wand of charming (66)
 y - a wand of polymorph (26)
 A - a wand of mindburst (41)
 M - a wand of roots (16)
 O - a wand of light (68)
 U - a wand of digging (16)
Scrolls
 b - 3 scrolls of fear
 g - a scroll of butterflies
 p - 2 scrolls of revelation
 C - 10 scrolls of poison
 F - 9 scrolls of vulnerability
 G - 2 scrolls of silence
 H - 2 scrolls of fog
 I - 12 scrolls of enchant weapon
 J - 11 scrolls of teleportation
 L - 11 scrolls of blinking
 P - 3 scrolls of brand weapon
 X - 16 scrolls of identify
Potions
 f - 27 potions of curing
 j - 4 potions of ambrosia
 l - 9 potions of resistance
 r - 7 potions of brilliance
 s - 6 potions of might
 t - 3 potions of invisibility
 u - 11 potions of haste
 w - a potion of magic
 z - 6 potions of enlightenment
 N - 6 potions of cancellation
 S - 4 potions of berserk rage
 T - 7 potions of mutation
 Y - 7 potions of attraction
 Z - 11 potions of heal wounds
Miscellaneous
 a - a phantom mirror
 D - a lightning rod (4/4)
 K - a sack of spiders
 R - a phial of floods


   Skills:
 + Level 25.1 Fighting
 - Level 10.0 Short Blades
 - Level 2.2 Ranged Weapons
 - Level 18.0 Armour
 - Level 10.0 Dodging
 - Level 8.0 Stealth
 - Level 18.0 Shields
 O Level 27 Unarmed Combat
 - Level 9.0 Evocations


You had 24 spell levels left.
You didn't know any spells.
Your spell library contained the following spells:

 Spells                   Type           Power      Damage    Failure   Level
 Kiss of Death            Conj/Necr      0%         2d5       99%         1
 Magic Dart               Conj           0%         1d3       99%         1
 Necrotise                Necr           0%         1d4       99%         1
 Sandblast                Erth           0%         2d4       99%         1
 Shock                    Conj/Air       0%         1d3       99%         1
 Slow                     Hex            0%         N/A       99%         1
 Call Imp                 Summ           0%         N/A       99%         2
 Cigotuvi's Dreadful Rot  Necr/Pois/Air  0%         N/A       99%         2
 Ensorcelled Hibernation  Hex/Ice        0%         N/A       99%         2
 Lesser Beckoning         Tloc           0%         N/A       99%         2
 Momentum Strike          Conj/Tloc      0%         3d8       99%         2
 Passwall                 Tmut/Erth      0%         N/A       99%         2
 Poisonous Vapours        Pois/Air       0%         N/A       99%         2
 Scorch                   Fire           0%         2d5       99%         2
 Searing Ray              Conj           0%         2d4       99%         2
 Sublimation of Blood     Necr           0%         N/A       99%         2
 Wereblood                Tmut           0%         N/A       99%         2
 Confusing Touch          Hex            0%         N/A       100%        3
 Dazzling Flash           Conj/Hex       0%         N/A       100%        3
 Gell's Gravitas          Tloc           0%         N/A       100%        3
 Ignite Poison            Fire/Tmut/Pois 0%         N/A       100%        3
 Inner Flame              Hex/Fire       0%         N/A       100%        3
 Mephitic Cloud           Conj/Pois/Air  0%         N/A       100%        3
 Ozocubu's Armour         Ice            0%         N/A       100%        3
 Stone Arrow              Conj/Erth      0%         3d7       100%        3
 Summon Guardian Golem    Hex/Summ       0%         N/A       100%        3
 Teleport Other           Tloc           0%         N/A       100%        3
 Tukima's Dance           Hex            0%         N/A       100%        3
 Vampiric Draining        Necr           0%         2d6       100%        3
 Volatile Blastmotes      Fire/Tloc      0%         2d10      100%        3
 Anguish                  Hex/Necr       0%         N/A       100%        4
 Cause Fear               Hex            0%         N/A       100%        4
 Dispel Undead            Necr           0%         3d6       100%        4
 Flame Wave               Conj/Fire      0%         2d4       100%        4
 Fulminant Prism          Conj/Hex       0%         3d5       100%        4
 Passage of Golubria      Tloc           0%         N/A       100%        4
 Sticky Flame             Conj/Fire      0%         2d3       100%        4
 Vhi's Electric Charge    Tloc/Air       0%         N/A       100%        4
 Agony                    Necr           0%         N/A       100%        5
 Alistair's Intoxication  Tmut/Pois      0%         N/A       100%        5
 Arcjolt                  Conj/Air       0%         1d10      100%        5
 Borgnjor's Vile Clutch   Necr/Erth      0%         N/A       100%        5
 Fireball                 Conj/Fire      0%         3d3       100%        5
 Freezing Cloud           Conj/Ice/Air   0%         6-21      100%        5
 Irradiate                Conj/Tmut      0%         3d11      100%        5
 Silence                  Hex/Air        0%         N/A       100%        5
 Summon Forest            Summ/Tloc      0%         N/A       100%        5
 Summon Mana Viper        Hex/Summ       0%         N/A       100%        5
 Yara's Violent Unravell  Hex/Tmut       0%         3d3       100%        5
 Conjure Ball Lightning   Conj/Air       0%         3x3d6     100%        6
 Death Channel            Necr           0%         N/A       100%        6
 Dispersal                Tloc           0%         N/A       100%        6
 Eringya's Noxious Bog    Tmut/Pois      0%         4d6       100%        6
 Plasma Beam              Fire/Air       0%         2x1d10    100%        6
 Simulacrum               Ice/Necr       0%         N/A       100%        6
 Starburst                Conj/Fire      0%         6d3       100%        6
 Summon Cactus Giant      Summ           0%         N/A       100%        6
 Enfeeble                 Hex            0%         N/A       100%        7
 Malign Gateway           Summ/Tloc      0%         N/A       100%        7
 Ozocubu's Refrigeration  Ice            0%         4d7       100%        7
 Summon Hydra             Summ           0%         N/A       100%        7
 Maxwell's Capacitive Co  Air            0%         ∞         100%        8
 Chain Lightning          Conj/Air       0%         N/A       100%        9
 Dragon's Call            Summ           0%         N/A       100%        9
 Polar Vortex             Ice            0%         N/A       100%        9


Dungeon Overview and Level Annotations

Branches:
Dungeon (15/15)            Temple (0/1) D:5            Lair (5/5) D:10
 Shoals (4/4) Lair:3        Snake (4/4) Lair:2        Slime (0/5) Lair:5
    Orc (2/2) D:9             Elf (3/3) Orc:2        Vaults (5/5) D:14
  Crypt (0/3) Vaults:3     Depths (4/4) D:15            Zot (5/5) Depths:4
Volcano (visited)

Altars:
Ashenzari
Cheibriados
Dithmenos
Gozag
Hepliaklqana
Kikubaaqudgha
Makhleb
Nemelex Xobeh
Vehumet
Wu Jian
Yredelemnul
Jiyva

Shops:
D:6 *   Orc:2 [?([   Shoals:1 [   Shoals:2 =(=(:   Shoals:3 :   Snake:1 !
Snake:2 (   Snake:3 =::   Vaults:2 (   Vaults:5 !???   Depths:4 ?

Portals:
Hell: Depths:1 Depths:2 Depths:3 Depths:4
Pandemonium: Depths:2

Annotations:
D:2 1 runed translucent door, Crazy Yiuf
D:13 3 runed translucent doors
Lair:3 1 runed translucent door, exclusions: hydra and torpor snail
Lair:4 1 runed translucent door
Lair:5 exclusion: obsidian statue
Shoals:1 Roxanne
Elf:2 6 runed translucent doors, Hucouhao's ghost, adept DsCj
Depths:2 6 runed translucent doors
Depths:4 4 runed translucent doors
Zot:5 1 exclusion


Innate Abilities, Weirdness & Mutations

You have claws for hands.
You are completely covered in molten scales. (AC +4, rF+)
A powerful demonic guardian rushes to your aid.
You are completely covered in sharp spines.
Your melee attacks may debilitate your foes.
Your hexes are more powerful.
Your mind is acute. (Int +4, Str/Dex -1)
Your body sometimes deteriorates upon taking damage.
Your flesh is heat resistant. (rF+)
You have an increased reservoir of magic. (+10% MP)
You are strong-willed. (Will+)
You passively map a small area around you.
You are weak. (Str -2)
You expend magic power (3 MP) to strengthen your wands.


Message History

There is a stone staircase leading down here.
You closely miss the Tzitzimitl.
The Tzitzimitl is almost dead.
You claw the Tzitzimitl!
The Tzitzimitl is almost dead.
The Tzitzimitl gestures at you. The bolt of negative energy hits you.
You partially resist.
You feel drained.
You miss the Tzitzimitl.
The Tzitzimitl is almost dead.
You scratch the Tzitzimitl but do no damage.
The Tzitzimitl is almost dead.
The Tzitzimitl calls on the powers of darkness!
Your body is wracked with pain!
A demonic guardian appears!
You closely miss the Tzitzimitl.
The Tzitzimitl is almost dead.
The Tzitzimitl engulfs you but does no damage.
The Tzitzimitl bites you but does no damage.
You completely miss the Tzitzimitl.
The Tzitzimitl is almost dead.
You scratch the Tzitzimitl.
The Tzitzimitl is almost dead.
The Tzitzimitl engulfs you. The Tzitzimitl drains your vigour!
You feel yourself slow down. You block the Tzitzimitl's attack.
You eviscerate the Tzitzimitl!!!
You kill the Tzitzimitl!
The Council accepts your kill.
Your life force feels restored.
(D) Dungeon (T) Temple (L) Lair (A) Shoals (P) Snake Pit (M) Slime Pits (O) Orcish Mines (E) Elven Halls (V) Vaults (C) Crypt (U) Depths (H) Hell (Z) Zot
Where to? (Tab/Enter - D:1 @ (x,y), ? - help)
You feel yourself speed up.
You feel less exhausted.
There is an open door here.
Your Brimstone Fiend disappears in a puff of smoke!
There is an open door here.
You see here a +0 club.
A sun demon comes into view.
There is a staircase leading out of the dungeon here.
You have escaped!

.......#
#.......#######.#
.......# #.......#
#.# .#######
#.......# #.# ##
#.......# #.#
#####
#.......#######'#
....#
########.........
....# #.........
....# ######
#......... ....#
#@.~P# #.........
....# #3.P♣#
#......... ....#
#~.♣♣# ##§........
....# #♣..P#
#.......... ....#
#P..♣###.§........
....#
#♣~..).#......##.#
..###
♣P.P#........##.#
..#
#≈♣.~###......##.#
..#
###+####......##.#


You could see a sun demon.

Vanquished Creatures
  2 dread liches
  2 ancient liches (Zot:5)
  Mara (Snake:4)
  4 orbs of fire
  Boris (Vaults:2)
  Saint Roka (Depths:1)
  3 Killer Klowns (Zot:5)
  A curse toe (Zot:3)
  2 caustic shrikes (Depths:3)
  A profane servitor (D:1)
  4 golden dragons
  2 bone dragons (Depths:4)
  2 Tzitzimimeh
  Zenata (Vaults:2)
  3 electric golems
  25 Orb Guardians
  Jorgrun (D:13)
  Rupert (Snake:1)
  12 tentacled monstrosities
  2 deep elf master archers (Elf:3)
  5 sphinxes
  3 titans
  2 deep elf blademasters (Elf:3)
  6 quicksilver dragons
  5 krakens
  5 death cobs
  The ghost of Konionua the Bewitcher, an adept KoEn of Dithmenos (Vaults:3)
  Agnes (Snake:1)
  Kirke (Lair:4)
  9 storm dragons
  Aizul (Snake:1)
  3 tengu reavers (Vaults:5)
  Donald (Snake:4)
  7 shadow dragons
  4 draconian monks
  Ilsuiw (Shoals:2)
  5 nagarajas (Snake:4)
  8 draconian knights
  7 fire giants
  10 deep elf sorcerers
  3 spectral caustic shrikes (Depths:3)
  12 frost giants
  A balrug (Depths:1)
  4 deep elf elementalists (Elf:3)
  18 vault wardens
  7 iron dragons
  2 draconian scorchers
  A spectral juggernaut (Depths:3)
  3 draconian shifters
  2 ghost moths
  An orc warlord (Vaults:2)
  A cacodemon (D:4)
  3 draconian stormcallers
  21 ironbound preservers
  3 war gargoyles
  12 very ugly things
  4 draconian annihilators
  3 formless jellyfish
  8 ironbound thunderhulks
  17 stone giants
  4 vampire knights
  Azrael (D:15)
  4 deep elf demonologists
  12 yellow draconians
  7 deep elf annihilators
  A dire elephant (shapeshifter) (Vaults:5)
  13 green draconians
  4 dire elephants
  2 spectral titans (Depths:3)
  8 red draconians
  12 purple draconians
  4 black draconians
  6 spark wasps
  Snorg (D:11)
  11 white draconians
  7 deep elf death magi
  3 spectral quicksilver dragons (Depths:3)
  The ghost of Pokonic1 the Grappler, a journeyman DrSh of Trog (Orc:2)
  3 eidola
  11 ettins
  6 crystal guardians
  The ghost of Midpoint the Bludgeoner, a journeyman GrAr of the Shining One (Orc:2)
  A blizzard demon (D:8)
  2 merfolk javelineers
  3 spectral golden dragons (Depths:3)
  6 deep elf high priests
  7 fire dragons
  17 yaktaur captains
  9 merfolk impalers
  7 great orbs of eyes
  A spectral spriggan (Depths:3)
  34 vault guards
  Harold (D:11)
  2 entropy weavers
  9 ice dragons
  Erolcha (D:13)
  A juggernaut simulacrum (Depths:3)
  3 spectral tengu (Depths:3)
  2 spriggan air magi
  A rakshasa (Depths:2)
  3 merfolk avatars
  15 ironbound frosthearts
  A spectral sphinx (Depths:3)
  2 catoblepae (Lair:3)
  A hell beast (Zot:4)
  2 spectral shadow dragons (Depths:3)
  5 peacekeepers
  2 salamander tyrants
  15 centaur warriors
  A satyr (Shoals:4)
  6 hydras
  2 merfolk aquamancers (Shoals:4)
  8 anacondas
  A death knight (D:15)
  7 ogre magi
  2 spectral frost giants (Depths:3)
  10 death yaks
  A spectral fire giant (Depths:3)
  18 two-headed ogres
  7 tengu warriors
  5 spriggan berserkers
  5 boulder beetles
  An orc high priest (Orc:2)
  11 dancing weapons
  8 deep troll shamans
  3 vampire magi (Depths:3)
  12 naga warriors
  9 deep troll earth magi
  4 shock serpents
  A spectral dire elephant (Lair:5)
  2 spectral storm dragons (Depths:3)
  3 soul eaters
  10 naga sharpshooters
  13 deep elf knights
  4 salamander mystics
  3 sixfirhies (D:4)
  6 hell knights
  A sun demon (Depths:1)
  3 skeletal warriors (D:15)
  8 iron trolls
  A spectral spark wasp (Depths:3)
  A spectral anaconda (Lair:5)
  A death drake (Depths:3)
  A skyshark (Shoals:1)
  62 deep trolls
  A spectral iron dragon (Depths:3)
  A storm dragon skeleton (Depths:3)
  14 sea snakes
  An orange crystal statue (Depths:3)
  13 phantasmal warriors
  3 flayed ghosts
  5 glowing orange brains
  9 necromancers
  13 harpies
  7 wizards
  A spriggan simulacrum (Depths:3)
  7 deep elf archers
  24 deep elf pyromancers
  15 ironbound convokers
  Pikel (D:8)
  4 naga ritualists
  33 deep elf zephyrmancers
  13 lindwurms
  An iron dragon zombie (Depths:3)
  5 mana vipers
  4 orc knights
  A wolf spider (Vaults:5)
  A tengu skeleton (Depths:3)
  34 ugly things
  A manticore (shapeshifter) (Vaults:5)
  10 cyclopes
  20 manticores
  10 fauns
  24 elephants
  21 moths of wrath
  23 salamanders
  4 guardian serpents
  12 merfolk sirens
  Maurice (D:13)
  6 water nymphs
  Jeremiah (D:9)
  32 black mambas
  16 naga magi
  A cane toad (shapeshifter) (D:14)
  23 vault sentinels
  Joseph (D:7)
  2 titan simulacra (Depths:3)
  7 cane toads
  2 smoke demons
  A storm dragon simulacrum (Depths:3)
  A gargoyle (D:12)
  2 orange demons (Elf:2)
  A rime drake (Lair:5)
  3 kobold demonologists
  2 unseen horrors
  2 efreet (D:14)
  18 komodo dragons
  A komodo dragon (shapeshifter) (Vaults:5)
  39 yaktaurs
  A tormentor (D:15)
  A spectral naga (Snake:2)
  A tengu conjurer (Depths:3)
  3 spectral glowing shapeshifters (Depths:3)
  2 golden dragon simulacra (Depths:3)
  33 merfolk
  A hornet (D:7)
  A hellwing (Depths:4)
  A shadow dragon simulacrum (Depths:3)
  8 wind drakes
  7 polar bears
  Prince Ribbit (D:7)
  10 trolls
  2 tengu simulacra (Depths:3)
  8 dream sheep (Shoals:4)
  13 snapping turtles
  3 iron dragon simulacra (Depths:3)
  An air elemental (Elf:3)
  11 blink frogs
  38 slime creatures
  A ynoxinul (D:14)
  A wraith (D:11)
  3 vampires (Vaults:3)
  6 shadows
  25 water elementals
  38 yaks
  3 fire elementals
  2 humans (Lair:4)
  7 basilisks
  9 wyverns
  6 fire bats
  3 steam dragons
  6 vampire mosquitoes
  A neqoxec (D:12)
  41 nagas
  A redback (Vaults:1)
  Menkaure (D:4)
  3 death yak simulacra (Lair:5)
  3 spectral cane toads (Lair:5)
  Edmund (D:4)
  2 wargs
  2 floating eyes
  19 water moccasins
  2 acid dragons
  2 hell hounds (D:15)
  A sky beast (D:8)
  13 orc warriors
  An ice beast (D:7)
  2 black bears
  3 boggarts (D:14)
  32 ogres
  9 wolves (Lair:1)
  12 centaurs
  3 elephant skeletons (Lair:5)
  2 lemures
  2 phantoms
  6 kobold brigands
  10 bullfrogs
  2 earth elementals
  A glowing shapeshifter simulacrum (Depths:3)
  7 scorpions
  2 cane toad simulacra (Lair:5)
  5 wights (D:8)
  2 elephant simulacra (Lair:5)
  4 killer bees (D:10)
  15 electric eels
  4 howler monkeys
  3 lava snakes (Volcano)
  A centaur zombie (D:5)
  2 bullfrog zombies (D:5)
  5 jellies
  7 orc priests
  2 hounds
  A bullfrog skeleton (D:5)
  2 sleepcaps
  2 gnoll boudas
  12 orc wizards
  10 iguanas
  5 hell rats (Lair:5)
  A scorpion zombie (D:5)
  A hound zombie (D:5)
  A hound skeleton (D:5)
  Robin (D:2)
  6 gnolls
  6 adders
  2 shadow imps
  An adder zombie (D:5)
  4 worms
  2 dart slugs (D:4)
  58 orcs
  5 endoplasms
  10 goblins
  7 hobgoblins
  6 jackals
  4 quokkas
  A ball python (D:2)
  5 bats
  A frilled lizard (shapeshifter) (Vaults:5)
  7 frilled lizards
  10 kobolds
  3 rats
  A butterfly (Lair:1)
  19 tentacles
1982 creatures vanquished.

Vanquished Creatures (collateral kills)
  A golden dragon (Zot:1)
  A storm dragon (Zot:3)
  A tengu reaver (Vaults:5)
  A shadow dragon (Vaults:5)
  2 nagarajas (Snake:4)
  An iron dragon (Depths:3)
  Louise (Shoals:2)
  3 very ugly things (Depths:4)
  A vampire knight (Depths:3)
  A white draconian (Zot:1)
  2 deep elf death magi (Depths:3)
  An ice dragon (Depths:4)
  A merfolk avatar (Shoals:4)
  An anaconda (Snake:4)
  A death yak (Lair:1)
  2 naga warriors
  2 deep troll shamans
  A tengu warrior (D:14)
  A naga sharpshooter (Snake:4)
  A necromancer (Depths:3)
  A naga ritualist (Snake:4)
  2 ugly things
  A manticore (Shoals:4)
  2 naga magi
  A merfolk (Shoals:2)
  A naga (Snake:4)
  A centaur (D:14)
  3 electric eels
38 creatures vanquished.

Vanquished Creatures (others)
  2 draconian scorchers (Zot:1)
  A merfolk aquamancer (Shoals:4)
  A two-headed ogre (Vaults:5)
  A deep elf zephyrmancer (Elf:3)
  A merfolk (Shoals:4)
  A hobgoblin (D:1)
  35 tentacles
42 creatures vanquished.

Grand Total: 2062 creatures vanquished

Notes
Turn   | Place    | Note
-------+----------+-------------------------------------------
     0 | D:1      | Midn8 the Demonspawn Artificer began the quest for the Orb.
     0 | D:1      | Reached XP level 1. HP: 15/15 MP: 1/1
   230 | D:1      | Gained mutation: A weak demonic guardian rushes to your
                  | aid. [demonic ancestry]
   230 | D:1      | Reached XP level 2. HP: 13/22 MP: 2/2
   806 | D:2      | Noticed Robin
   826 | D:1      | Reached XP level 3. HP: 4/29 MP: 3/3
   962 | D:2      | Killed Robin
   994 | D:2      | Identified the +5 sling of Ashenzari's Grace {freeze, rN++
                  | Int-4}
  1017 | D:2      | Reached skill level 1 in Ranged Weapons
  1458 | D:2      | Gained mutation: You have sharp fingernails. [demonic
                  | ancestry]
  1458 | D:2      | Reached XP level 4. HP: 28/35 MP: 4/4
  1516 | D:2      | Found an ornate altar of the Wu Jian Council.
  1570 | D:2      | Found a runed translucent door.
  1604 | D:2      | Became a worshipper of the Wu Jian Council
  1666 | D:2      | Noticed Crazy Yiuf
  1889 | D:3      | Identified the +10 short sword "Jarij" {drain, SInv}
  2133 | D:4      | Reached skill level 1 in Short Blades
  2196 | D:4      | Gained mutation: You are partially covered in sharp spines.
                  | [demonic ancestry]
  2196 | D:4      | Reached XP level 5. HP: 39/41 MP: 5/5
  2593 | D:4      | Noticed Edmund
  2601 | D:4      | Killed Edmund
  2602 | D:4      | Gained mutation: You are partially covered in molten
                  | scales. (AC +2) [demonic ancestry]
  2602 | D:4      | Reached XP level 6. HP: 36/47 MP: 6/6
  2651 | D:4      | Noticed Menkaure
  2658 | D:4      | Killed Menkaure
  2659 | D:4      | Reached skill level 5 in Short Blades
  2720 | D:4      | Reached XP level 7. HP: 47/52 MP: 7/7
  2836 | D:4      | Found a broken altar of Ashenzari.
  2836 | D:4      | Found a basalt altar of Yredelemnul.
  2873 | D:5      | Entered Level 5 of the Dungeon
  3015 | D:5      | Found a snail-covered altar of Cheibriados.
  3146 | D:5      | Reached * piety under Wu Jian
  3241 | D:5      | Found a staircase to the Ecumenical Temple.
  3496 | D:5      | Identified the +0 chain mail of Utronn {Rampage rF+}
  3547 | D:5      | Reached skill level 5 in Fighting
  4099 | D:6      | Gained mutation: You are mostly covered in molten scales.
                  | (AC +3) [demonic ancestry]
  4099 | D:6      | Reached XP level 8. HP: 62/62 MP: 8/8
  4178 | D:6      | Found Beton's Assorted Antiques.
  4183 | D:6      | Bought 3 scrolls labelled ROAPLO FAENY for 78 gold pieces
  4183 | D:6      | Bought 3 scrolls labelled XUTEDGH XEASU for 78 gold pieces
  4183 | D:6      | Bought a scroll of identify for 52 gold pieces
  4183 | D:6      | Bought a scroll labelled NIFETE POUCK for 26 gold pieces
  4360 | D:6      | Reached ** piety under Wu Jian
  4720 | D:6      | Found an opulent altar of Gozag.
  4720 | D:6      | Found an ornate altar of the Wu Jian Council.
  4759 | D:6      | Reached skill level 1 in Dodging
  5204 | D:7      | Noticed Joseph
  5211 | D:7      | Noticed Prince Ribbit
  5216 | D:7      | HP: 1/62 [Joseph/+4 spectral quarterstaff (12)]
  5545 | D:7      | Killed Prince Ribbit
  5546 | D:7      | Reached XP level 9. HP: 56/68 MP: 9/9
  5638 | D:7      | Killed Joseph
  5870 | D:7      | Found a hazy altar of Hepliaklqana.
  5878 | D:7      | Reached skill level 10 in Short Blades
  6075 | D:8      | Found an ancient bone altar of Kikubaaqudgha.
  7459 | D:9      | Gained mutation: You are mostly covered in sharp spines.
                  | [demonic ancestry]
  7459 | D:9      | Reached XP level 10. HP: 73/80 MP: 10/10
  7492 | D:9      | Noticed Pikel
  7504 | D:8      | Killed Pikel
  7505 | D:8      | Reached skill level 5 in Evocations
  7707 | D:9      | Found a staircase to the Orcish Mines.
  7953 | D:9      | Noticed Jeremiah
  8064 | D:9      | Killed Jeremiah
  8208 | D:9      | Reached *** piety under Wu Jian
  8409 | D:10     | Entered Level 10 of the Dungeon
  8412 | D:10     | Reached skill level 10 in Fighting
  8487 | D:10     | Found a staircase to the Lair.
  8509 | D:10     | Reached skill level 5 in Dodging
  8519 | D:10     | Reached XP level 11. HP: 78/90 MP: 11/11
  9018 | D:10     | Reached skill level 1 in Shields
  9154 | D:10     | Identified the +0 robe "Faasyi" {rC++}
  9278 | D:10     | Reached **** piety under Wu Jian
  9430 | D:10     | Found a radiant altar of Vehumet.
  9733 | Lair:1   | Entered Level 1 of the Lair of Beasts
  9975 | Lair:1   | Noticed a death yak
  9976 | Lair:1   | Noticed a death yak
  9976 | Lair:1   | Noticed a death yak
  9976 | Lair:1   | Noticed a death yak
  9977 | Lair:1   | Noticed a death yak
 10011 | Lair:1   | Killed a death yak
 10028 | Lair:1   | Reached skill level 1 in Stealth
 10349 | Lair:1   | Gained mutation: You are completely covered in molten
                  | scales. (AC +4, rF+) [demonic ancestry]
 10349 | Lair:1   | Reached XP level 12. HP: 93/102 MP: 10/12
 10378 | Lair:1   | Reached skill level 5 in Stealth
 10433 | Lair:1   | Noticed a death yak
 10460 | Lair:1   | Killed a death yak
 10492 | Lair:1   | Killed a death yak
 10505 | Lair:1   | Killed a death yak
 10515 | Lair:1   | Killed a death yak
 10525 | Lair:1   | Killed a death yak
 10931 | Lair:2   | Gained mutation: You have hidden genetic defects. [potion
                  | of mutation]
 10931 | Lair:2   | Lost mutation: You have hidden genetic defects. [potion of
                  | mutation]
 11167 | Lair:2   | Found a staircase to the Snake Pit.
 11530 | Lair:3   | Noticed a seven-headed hydra
 11540 | Lair:3   | Killed a seven-headed hydra
 11727 | Lair:3   | Noticed a catoblepas
 11884 | Lair:3   | Found a runed translucent door.
 12036 | Lair:3   | Noticed a catoblepas
 12043 | Lair:3   | Killed a catoblepas
 12093 | Lair:3   | Killed a catoblepas
 12491 | Lair:3   | Found a staircase to the Shoals.
 12621 | Lair:3   | Noticed a six-headed hydra
 12773 | Lair:4   | Reached ***** piety under Wu Jian
 12820 | Lair:4   | Reached skill level 5 in Shields
 12837 | Lair:4   | Gained mutation: You have very sharp fingernails. [demonic
                  | ancestry]
 12837 | Lair:4   | Reached XP level 13. HP: 102/108 MP: 13/13
 13254 | Lair:4   | Noticed Kirke
 13268 | Lair:4   | Killed Kirke
 13557 | Lair:4   | Noticed a dire elephant
 13577 | Lair:4   | Found a runed translucent door.
 13812 | Lair:5   | Entered Level 5 of the Lair of Beasts
 14319 | Lair:5   | Found a dark tunnel.
 14328 | Volcano  | Entered a volcano
 14535 | Volcano  | Found a bloodstained altar of Trog.
 14655 | Volcano  | Found a bloodstained altar of Trog.
 14932 | Lair:5   | Gained mutation: You have claws for hands. [demonic
                  | ancestry]
 14932 | Lair:5   | Reached XP level 14. HP: 95/120 MP: 11/14
 15154 | Lair:5   | Reached skill level 10 in Dodging
 15268 | Lair:5   | Reached skill level 1 in Unarmed Combat
 15275 | Lair:5   | Reached skill level 2 in Unarmed Combat
 15349 | Lair:5   | Reached skill level 3 in Unarmed Combat
 15437 | Lair:5   | Found a viscous altar of Jiyva.
 15438 | Lair:5   | Found a staircase to the Slime Pits.
 15612 | Lair:5   | Reached ****** piety under Wu Jian
 15613 | Lair:5   | Reached skill level 4 in Unarmed Combat
 15878 | Lair:5   | Reached skill level 5 in Unarmed Combat
 16201 | Lair:5   | Reached skill level 6 in Unarmed Combat
 16664 | Lair:5   | Identified the ring of Departure {rPois Will+ rCorr Str+6
                  | Int-2}
 17041 | D:11     | Noticed Snorg
 17046 | D:11     | Reached skill level 7 in Unarmed Combat
 17056 | D:11     | Killed Snorg
 17144 | D:11     | Noticed Harold
 17178 | D:11     | Killed Harold
 17324 | D:11     | Gained mutation: You have an increased reservoir of magic.
                  | (+10% MP) [potion of mutation]
 17324 | D:11     | Gained mutation: You expend magic power (3 MP) to
                  | strengthen your wands. [potion of mutation]
 17324 | D:11     | Gained mutation: You passively map a small area around you.
                  | [potion of mutation]
 17324 | D:11     | Gained mutation: Your flesh is heat resistant. (rF+)
                  | [potion of mutation]
 17648 | D:11     | Reached skill level 8 in Unarmed Combat
 18476 | D:12     | You fall into a shaft and drop 2 floors!
 18516 | D:14     | Reached skill level 9 in Unarmed Combat
 18685 | D:13     | Noticed Jorgrun
 18985 | D:13     | Noticed Erolcha
 18989 | D:13     | Killed Jorgrun
 18990 | D:13     | Reached skill level 10 in Unarmed Combat
 19240 | D:14     | Found a gate to the Vaults.
 19484 | D:13     | Gained mutation: A demonic guardian rushes to your aid.
                  | [demonic ancestry]
 19484 | D:13     | Reached XP level 15. HP: 123/125 MP: 16/16
 19496 | D:13     | Killed Erolcha
 20133 | D:12     | Reached skill level 11 in Unarmed Combat
 20326 | D:13     | Noticed Maurice
 20332 | D:13     | Killed Maurice
 20569 | D:13     | Found a runed translucent gate.
 20570 | D:13     | Found a runed translucent gate.
 20571 | D:13     | Found a runed translucent gate.
 21037 | D:14     | Identified a scroll of acquirement
 21038 | D:14     | Acquired a manual of Unarmed Combat
 21358 | Orc:1    | Entered Level 1 of the Orcish Mines
 21560 | Orc:2    | Entered Level 2 of the Orcish Mines
 21560 | Orc:2    | Found a staircase to the Elven Halls.
 21564 | Orc:2    | Gained mutation: Your body sometimes deteriorates upon
                  | taking damage. [a neqoxec]
 21576 | Orc:2    | Reached skill level 12 in Unarmed Combat
 21601 | Orc:2    | Reached skill level 13 in Unarmed Combat
 21612 | Orc:2    | Reached skill level 14 in Unarmed Combat
 21633 | Orc:2    | Reached skill level 15 in Unarmed Combat
 21850 | Orc:2    | Found a burning altar of Makhleb.
 21932 | Orc:2    | Found Apruoki's Armour Boutique.
 21932 | Orc:2    | Found Obajiy's Weapon Shoppe.
 21933 | Orc:2    | Found Bohear's Magic Scroll Shoppe.
 21933 | Orc:2    | Found Plog's Antique Armour Shop.
 21944 | Orc:2    | Bought a bloodstained scale mail for 270 gold pieces
 21944 | Orc:2    | Identified the +0 scale mail of Zuuc {Harm rN+++ Dex-2
                  | SInv} (You bought it in a shop on level 2 of the Orcish
                  | Mines)
 22048 | Orc:2    | Found a runed translucent gate.
 22048 | Orc:2    | Found a runed translucent gate.
 22048 | Orc:2    | Found a runed translucent gate.
 22049 | Orc:2    | Noticed Pokonic1's ghost (journeyman DrSh)
 22049 | Orc:2    | Noticed Midpoint's ghost (journeyman GrAr)
 22471 | Orc:2    | Killed Pokonic1's ghost
 22477 | Orc:2    | Killed Midpoint's ghost
 22707 | D:15     | Entered Level 15 of the Dungeon
 22815 | D:15     | Reached skill level 16 in Unarmed Combat
 22980 | D:15     | Noticed Azrael
 23058 | D:15     | Killed Azrael
 23445 | D:15     | Found a staircase to the Depths.
 23699 | D:15     | Reached XP level 16. HP: 120/133 MP: 15/17
 23893 | D:14     | Reached skill level 5 in Armour
 24419 | Snake:1  | Entered Level 1 of the Snake Pit
 24448 | Snake:1  | Noticed Rupert
 24471 | Snake:1  | Killed Rupert
 25512 | Snake:1  | Noticed Agnes
 25521 | Snake:1  | Killed Agnes
 25663 | Snake:1  | Found Rugiral's Distillery.
 25667 | Snake:1  | Bought 2 potions of heal wounds for 190 gold pieces
 25902 | Snake:1  | Noticed Aizul
 25919 | Snake:1  | Killed Aizul
 26485 | Snake:2  | Got the Reference Book on the Amassed Blizzard
 26913 | Snake:2  | Found Rahaifamai's Antique Weapon Shop.
 27422 | Snake:2  | Reached skill level 10 in Shields
 27696 | Snake:2  | Identified the +7 battleaxe of Dithmenos's Hope {heavy,
                  | Str+7}
 27961 | Snake:2  | Reached skill level 17 in Unarmed Combat
 28645 | Snake:3  | Gained mutation: You are completely covered in sharp
                  | spines. [demonic ancestry]
 28645 | Snake:3  | Reached XP level 17. HP: 106/139 MP: 15/18
 29195 | Snake:3  | Found Feimad's Jewellery Shoppe.
 29195 | Snake:3  | Found Wedos's Book Shop.
 29196 | Snake:3  | Found Furiddul's Book Shop.
 29208 | Snake:3  | Bought a manual of Unarmed Combat for 1360 gold pieces
 29241 | Snake:4  | Entered Level 4 of the Snake Pit
 29261 | Snake:4  | Reached skill level 18 in Unarmed Combat
 29844 | Snake:4  | Reached skill level 15 in Fighting
 30014 | Snake:4  | Noticed Donald
 30028 | Snake:4  | Killed Donald
 30869 | Snake:4  | Noticed Mara
 30883 | Snake:4  | Killed Mara
 30942 | Snake:4  | Got a serpentine rune of Zot
 31231 | Shoals:1 | Entered Level 1 of the Shoals
 31267 | Shoals:1 | You fall into a shaft and drop 1 floor!
 31286 | Shoals:2 | Found Qaxikk's Antique Weapon Boutique.
 31652 | Shoals:1 | Noticed Roxanne
 31746 | Shoals:1 | Found Garexout's Antique Armour Shoppe.
 31852 | Shoals:1 | Reached skill level 10 in Armour
 32456 | Shoals:2 | Noticed Louise
 32473 | Shoals:2 | Killed Louise
 32477 | Shoals:2 | Found Zuatuqa's Weapon Boutique.
 32500 | Shoals:2 | Noticed Ilsuiw
 32512 | Shoals:2 | Killed Ilsuiw
 32758 | Shoals:2 | Found Risuck's Jewellery Boutique.
 32766 | Shoals:2 | Bought an amulet of regeneration for 390 gold pieces
 32784 | Shoals:2 | Found Waniur's Jewellery Boutique.
 32851 | Shoals:2 | Reached skill level 19 in Unarmed Combat
 32873 | Shoals:2 | Reached XP level 18. HP: 149/149 MP: 19/19
 32879 | Shoals:2 | Identified the +7 spear of Pride {elec, *Rage Fly rPois}
 33026 | Shoals:2 | Found Oggich's Book Shop.
 33314 | Shoals:3 | Found Ceosawuo's Book Shoppe.
 33848 | Shoals:3 | Reached skill level 20 in Unarmed Combat
 34119 | Shoals:4 | Entered Level 4 of the Shoals
 34481 | Shoals:4 | Identified the +10 great sword of Yjotenec {holy, rC++ rN+
                  | Str-3 Int+2}
 34737 | Shoals:4 | Found the amulet of the Four Winds {rN+ Will+++ Clar}
 35116 | Shoals:4 | Identified the +8 orcbow of Doomed Absolution {freeze, rN+
                  | Int-3 Dex+4}
 35496 | Shoals:4 | Got a barnacled rune of Zot
 35778 | Vaults:1 | Entered Level 1 of the Vaults
 36819 | Vaults:1 | Reached XP level 19. HP: 85/161 MP: 20/20
 36922 | Vaults:1 | Identified the +5 glaive "Qoripim" {venom, Str+5 Dex-5}
 37658 | Elf:1    | Entered Level 1 of the Elven Halls
 38044 | Elf:1    | Identified the +4 quarterstaff of the Wary Deaths {heavy,
                  | Dex+2}
 38145 | Elf:1    | Got Mnoleg's Essays on Beckoning
 38614 | Elf:1    | Got Ginilaur's Spellbook of Damage and Summoning
 39275 | Elf:2    | Found a huge runed translucent gate.
 39275 | Elf:2    | Found a huge runed translucent gate.
 39275 | Elf:2    | Found a huge runed translucent gate.
 39275 | Elf:2    | Found a huge runed translucent gate.
 39275 | Elf:2    | Found a huge runed translucent gate.
 39370 | Elf:2    | Reached skill level 21 in Unarmed Combat
 39535 | Elf:2    | Found a runed translucent door.
 39537 | Elf:2    | Noticed Hucouhao's ghost (adept DsCj)
 40067 | Elf:3    | Entered Level 3 of the Elven Halls
 41410 | Elf:3    | Paralysed by an air elemental for 1 turns
 41623 | Shoals:3 | Bought a manual of Unarmed Combat for 880 gold pieces
 41910 | Elf:3    | Identified the +5 falchion of Vukaumn {flame, rC+}
 41920 | Elf:3    | Gained mutation: Your hexes are more powerful. [demonic
                  | ancestry]
 41920 | Elf:3    | Reached XP level 20. HP: 164/170 MP: 22/22
 42059 | Elf:3    | Identified the ring of Bociest {rPois rF- Int+2 SInv}
 42150 | Elf:3    | Identified the +0 plate armour of Incorporation {rElec}
 42554 | Elf:3    | Identified the +2 plate armour of Beloved Life {Drain rPois
                  | rCorr SInv}
 42579 | Elf:3    | Got the Directory of the Salvo
 42596 | Elf:3    | Reached skill level 22 in Unarmed Combat
 43170 | Vaults:2 | Reached skill level 23 in Unarmed Combat
 43199 | Vaults:2 | Identified the +1 sling of Inconvenience {flame, Str+3
                  | Int+6 Dex-4}
 43554 | Vaults:2 | Reached skill level 24 in Unarmed Combat
 43596 | Vaults:2 | Noticed Boris
 43608 | Vaults:2 | Killed Boris
 43955 | Vaults:2 | Found Xuigut's Weapon Boutique.
 44019 | Vaults:2 | Noticed Zenata
 44024 | Vaults:2 | Killed Zenata
 44315 | Vaults:3 | Acquired the +2 pair of boots "Echauxat" {Int+5 Stlth+}
 44767 | Vaults:3 | Reached XP level 21. HP: 149/181 MP: 23/23
 44835 | Vaults:3 | Identified the +4 scale mail of Dishonour {rElec Will+
                  | Int+5}
 45279 | Vaults:3 | Found a runed translucent door.
 45279 | Vaults:3 | Noticed Konionua's ghost (adept KoEn)
 45300 | Vaults:3 | Killed Konionua's ghost
 46178 | Vaults:3 | Found the +15 Maxwell's patent armour {-Cast -Tele rElec
                  | Will+ rCorr}
 46469 | Vaults:3 | Found a staircase to the Crypt.
 48273 | Depths:1 | Entered Level 1 of the Depths
 48274 | Depths:1 | Identified the +2 leather armour of Darecs {Str+4}
 48334 | Depths:1 | Found a shadowy altar of Dithmenos.
 48711 | Depths:1 | Noticed Saint Roka
 48734 | Depths:1 | Killed Saint Roka
 48914 | Depths:1 | Gained mutation: A powerful demonic guardian rushes to your
                  | aid. [demonic ancestry]
 48914 | Depths:1 | Reached XP level 22. HP: 179/192 MP: 24/24
 48997 | Depths:1 | Found a gateway to Hell.
 49325 | Depths:1 | You fall into a shaft and drop 1 floor!
 49329 | Depths:2 | Noticed a caustic shrike
 50377 | Depths:2 | Found a runed translucent gate.
 50377 | Depths:2 | Found a runed translucent gate.
 50377 | Depths:2 | Found a runed translucent gate.
 50428 | Depths:2 | Found a runed translucent gate.
 50428 | Depths:2 | Found a runed translucent gate.
 50428 | Depths:2 | Found a runed translucent gate.
 50683 | Depths:2 | Found a one-way gate leading to the halls of Pandemonium.
 50791 | Depths:2 | Found a sparkling altar of Nemelex Xobeh.
 51320 | Depths:4 | Entered Level 4 of the Depths
 51348 | Depths:4 | Reached skill level 25 in Unarmed Combat
 51620 | Depths:4 | Noticed a caustic shrike
 51622 | Depths:4 | Noticed a caustic shrike
 51624 | Depths:4 | Noticed a caustic shrike
 51632 | Depths:3 | Killed a caustic shrike
 51632 | Depths:3 | Killed a caustic shrike
 52508 | Depths:3 | Paralysed by a vampire knight for 2 turns
 52511 | Depths:3 | Gained mutation: Your melee attacks may debilitate your
                  | foes. [demonic ancestry]
 52511 | Depths:3 | Reached XP level 23. HP: 116/170 MP: 25/25
 53025 | Depths:3 | Reached skill level 26 in Unarmed Combat
 54038 | Snake:3  | Bought a manual of Shields for 1360 gold pieces
 54615 | Depths:4 | Found a runed translucent door.
 54618 | Depths:4 | Found a runed translucent door.
 54628 | Depths:4 | Found a runed translucent door.
 54678 | Depths:4 | Found a runed translucent door.
 54696 | Depths:4 | Reached skill level 15 in Shields
 54880 | Depths:4 | Found a runed translucent door.
 54880 | Depths:4 | Found a runed translucent door.
 55309 | Depths:4 | Found a gate to the Realm of Zot.
 55584 | Depths:4 | Found Rodwevvi's Magic Scroll Shoppe.
 55587 | Depths:4 | Bought a scroll of teleportation for 39 gold pieces
 55587 | Depths:4 | Bought a scroll of teleportation for 39 gold pieces
 55587 | Depths:4 | Bought a scroll of teleportation for 39 gold pieces
 56079 | Vaults:5 | Entered Level 5 of the Vaults
 56147 | Vaults:5 | Noticed a dread lich
 56166 | Vaults:5 | Killed a dread lich
 56432 | Vaults:5 | Got the Disquisition on Toxicity and Hurting
 56470 | Vaults:5 | Identified the staff "Ecant" {rN+ Will- Str+6 SInv Necro}
 56808 | Vaults:5 | Found Wusurrut's Magic Scroll Boutique.
 56808 | Vaults:5 | Found Wucyv's Distillery.
 56818 | Vaults:5 | Bought a scroll of fear for 64 gold pieces
 56818 | Vaults:5 | Bought a scroll of teleportation for 48 gold pieces
 56818 | Vaults:5 | Bought a scroll of teleportation for 48 gold pieces
 56916 | Vaults:5 | Found Yguxi's Magic Scroll Boutique.
 56920 | Vaults:5 | Bought a scroll of enchant armour for 82 gold pieces
 57096 | Vaults:5 | Identified the +10 rapier "Piff" {flame, rElec Will+}
 57098 | Vaults:5 | Reached XP level 24. HP: 172/210 MP: 25/25
 57105 | Vaults:5 | Reached skill level 27 in Unarmed Combat
 57565 | Vaults:5 | Bought a potion of might for 80 gold pieces
 57565 | Vaults:5 | Bought a potion of might for 80 gold pieces
 57565 | Vaults:5 | Bought a potion of resistance for 200 gold pieces
 57565 | Vaults:5 | Bought a potion of haste for 200 gold pieces
 57565 | Vaults:5 | Bought a potion of haste for 200 gold pieces
 57565 | Vaults:5 | Bought a potion of resistance for 200 gold pieces
 57780 | Vaults:5 | Got a silver rune of Zot
 57868 | Vaults:5 | Identified the staff of Conscience {*Slow rElec rPois rF+
                  | Dex+6 Fire}
 57899 | Vaults:5 | Identified the +8 dagger "Xiowkis" {heavy, Str+3}
 58168 | Vaults:5 | Found Zymicuit's Magic Scroll Boutique.
 58172 | Vaults:5 | Bought a scroll of enchant armour for 157 gold pieces
 58172 | Vaults:5 | Bought a scroll of enchant armour for 157 gold pieces
 58172 | Vaults:5 | Bought a scroll of blinking for 157 gold pieces
 58306 | Vaults:5 | Reached skill level 15 in Armour
 58588 | Zot:1    | Entered Level 1 of the Realm of Zot
 59891 | Zot:3    | Noticed an orb of fire
 59891 | Zot:3    | Gained mutation: You are weak. (Str -2) [an orb of fire]
 59896 | Zot:3    | Killed an orb of fire
 59904 | Zot:3    | Noticed a dread lich
 59911 | Zot:3    | Killed a dread lich
 60801 | Zot:5    | Entered Level 5 of the Realm of Zot
 61300 | Zot:5    | Reached XP level 25. HP: 182/219 MP: 25/25
 61752 | Zot:5    | Noticed an ancient lich
 61779 | Zot:5    | Killed an ancient lich
 61793 | Zot:5    | Noticed a Killer Klown
 61807 | Zot:5    | Killed a Killer Klown
 61807 | Zot:5    | Noticed an orb of fire
 61815 | Zot:5    | Gained mutation: You are strong-willed. (Will+) [an orb of
                  | fire]
 61821 | Zot:5    | Noticed an ancient lich
 61824 | Zot:5    | Killed an orb of fire
 61828 | Zot:5    | Noticed an orb of fire
 61830 | Zot:5    | Noticed a Killer Klown
 61834 | Zot:5    | Killed an ancient lich
 61834 | Zot:5    | Killed an orb of fire
 61837 | Zot:5    | Killed a Killer Klown
 61933 | Zot:5    | Noticed a Killer Klown
 61938 | Zot:5    | Killed a Killer Klown
 61950 | Zot:5    | Noticed an orb of fire
 61953 | Zot:5    | Gained mutation: Your mind is acute. (Int +4, Str/Dex -1)
                  | [an orb of fire]
 61955 | Zot:5    | Killed an orb of fire
 62249 | Zot:5    | Got the Orb of Zot
 62809 | D:$      | Escaped with the Orb!

Illustrated notes

Levels and vault maps discovered:
D:1:      tarquinn_simple_flora_water_f, layout_basic
D:2:      layout_loops_ring, basic_altar, uniq_robin, uniq_crazy_yiuf_cottage
D:3:      layout_rooms, lemuel_tele_altar, kennysheep_generic_room_6
D:4:      layout_loops_ring, amethyst_overflow_temple_binary, uniq_edmund,
          uniq_menkaure
D:5:      layout_basic, slow_altar_2, minmay_temple_entry_junction,
          serial_undead, serial_undead_d, serial_undead_a, serial_undead_d,
          serial_undead_b
D:6:      layout_basic, gammafunk_temple_overflow_elements, serial_shops, shop
D:7:      layout_cave_pools, lemuel_crystal_altar, uniq_prince_ribbit1,
          uniq_joseph
D:8:      layout_cave_pods, old_standard_altar
D:9:      layout_cave_pools, david_orc_3, uniq_pikel, uniq_jeremiah
D:10:     layout_basic, mainiacjoe_overflow_tiny_flanked,
          minmay_lair_entry_grove, serial_glass, glass_columns_a,
          glass_columns_c, glass_columns_b, glass_columns_a, minmay_lizard_king
D:11:     layout_rooms, nicolae_twisting_strands, zin_scriptorium, uniq_snorg,
          uniq_harold
D:12:     layout_basic, statue_in_the_mist_lemuel
D:13:     layout_cave_pools, serial_column_ruins, column_ruins_hut,
          column_ruins_open_tiny, column_ruins_grid_3,
          column_ruins_columns_dead_end,
          ploomutoo_gammafunk_ghost_potion_laboratory, uniq_maurice,
          uniq_erolcha, uniq_jorgrun
D:14:     layout_gridville, david_vaults_2
D:15:     grunt_enter_depths_giant_problem, layout_basic,
          minmay_misc_feat_four_crosses, uniq_azrael
Lair:1:   layout_misc_corridors, lemuel_fruit_tree, serial_bayou_shore_a,
          infiniplex_staircase_pool, grunt_megastairs_4, lemuel_fruit_fields
Lair:2:   layout_misc_corridors, alex1729_snake_entry_snake
Lair:3:   beast_lair_carwin_large_1, layout_gridlike, minmay_shoals_entry_hut,
          dreamdust_mushroom_princess, pf_torpor_hydra
Lair:4:   gammafunk_lair_enchanted_lake, layout_loops_ring, uniq_kirke
Lair:5:   due_jungle_book, layout_gridlike, nicolae_slime_entry_slimehenge,
          nicolae_volcano_entry_hallway, chequers_serial_rivers_room_b,
          nicolae_lair_lakeside_cave
Shoals:1: layout_shoals, serial_shops, nicolae_shop_hallway_stairs, uniq_roxanne
Shoals:2: layout_shoals, serial_shops, nicolae_shop_hallway_stairs, shop,
          nicolae_shop_temple_entry_statues_fountains,
          nicolae_shop_gaudy_bauble, nicolae_shop_just_a_little_nook,
          nicolae_shoals_siren_and_animal_friends, uniq_louise, uniq_ilsuiw
Shoals:3: layout_shoals, serial_shops, nicolae_shop_tiny_real_fake_doors
Shoals:4: shoals_end_hangedman, layout_shoals,
          nicolae_shoals_stone_sculpture_thing
Snake:1:  layout_chambers, serial_shops, nicolae_shop_tiny_real_fake_doors,
          nicolae_large_snake_swirl, uniq_agnes, uniq_aizul, uniq_rupert
Snake:2:  layout_cave_pods, serial_shops, shop,
          nicolae_snake_ghostly_warrior_ritual, grunt_megastairs_1
Snake:3:  layout_onion, minmay_shop_grove
Snake:4:  minmay_snake_end_coiled, layout_chambers, serial_bayou_shore_b,
          uniq_donald, uniq_mara
Orc:1:    layout_caves
Orc:2:    st_orc_ogre_mass, layout_caves, basic_altar, gammafunk_ghost_cemetery
Elf:1:    eino_elf_arrival_sip, layout_gridlike, minmay_elf_demonology,
          minmay_elf_sorcery
Elf:2:    elven_hall_of_blades_hangedman_alternative
          [nooodl_blade_entry_preview], layout_onion_city,
          gammafunk_ghost_grave, einodemon_barbed_minivault, lemuel_elevator
Elf:3:    grunt_elf_hall_branching, layout_geoelf_diagonals
Vaults:1: nicolae_vaults_little_squares_4, hangedman_vaults_stretched_pinwheel,
          nicolae_vaults_cornered_office, nicolae_vaults_sesquioval_fish,
          nicolae_vaults_antechamber_and_loot_room, v_misc_11, v_misc_5,
          ontoclasm_vaults_gateway, nicolae_vaults_variable_pillar_hall,
          nicolae_vaults_border_crossing, hangedman_vaults_stretched_pinwheel,
          nicolae_vaults_wine_cellar, layout_vaults_ring
Vaults:2: v_pattern_4, v_misc_4, vaults_room_grid,
          dpeg_vaults_pockets_of_resistance, hangedman_vaults_capsules,
          nicolae_vaults_bisected_slash, nicolae_vaults_tetromino_Z_2,
          hangedman_vaults_slice, hangedman_vaults_river_flow,
          ontoclasm_vaults_shuriken, v_misc_33, vaults_room_pool,
          layout_vaults_omnibox, serial_shops, nicolae_shop_crystal, uniq_boris,
          uniq_zenata
Vaults:3: hellmonk_ghost_happy_afterlife, dpeg_vaults_waves,
          minmay_crypt_entry_vampire_xt, nicolae_vaults_rhombus_7, v_misc_5,
          nicolae_vaults_network_square, nicolae_vaults_more_shelving_2,
          vaults_room_pools, layout_vaults_omnigrid
Vaults:4: nicolae_vaults_tetromino_T_2, nicolae_vaults_ellipses_ellipsis,
          nicolae_vaults_thirteen_compartments, ontoclasm_vaults_misaligned,
          nicolae_vaults_trapezoid_layered, v_misc_14,
          nicolae_vaults_three_branches, nicolae_vaults_tetromino_Z_1,
          v_misc_13, nicolae_vaults_trapezoid_lopsided_1,
          nicolae_vaults_sightless_eye, layout_vaults_omnicross
Vaults:5
Depths:1: layout_basic, grunt_dithmenos_smoke, lightli_too_deep,
          hangedman_decor_push, nicolae_elyvilon_peaceful_grove, uniq_saint_roka
Depths:2: kennysheep_treasure_stockpile, layout_cave_pools,
          kennysheep_big_empty_room, pan_entry, hell_entry,
          nicolae_concentric_dashed_squares_mild, nemelex_diamond_rough_becter
Depths:3: lemuel_river_lethe, abyss_entry, hell_entry
Depths:4: evilmike_zot_entry_castle, layout_basic, serial_shops,
          nicolae_shop_rolled_up, grunt_hell_entry_dis_old
Zot:1:    layout_onion_interference
Zot:2:    layout_misc_corridors, nicolae_diode_quadrants
Zot:3:    layout_misc_corridors, hangedman_player_shredder
Zot:4:    layout_gridlike
Zot:5:    layout_basic, st_stairs_8

Skill      XL: |  1  2  3  4  5  6  7  8  9 10 11 12 13 14 15 16 17 18 19 20 21 22 23 24 25 |
---------------+----------------------------------------------------------------------------+-----
Fighting       | 2 3 5 8 10 12 14 15 17 19 20 22 25 | 25.1
Ranged Weapons | 2 |  2.2
Short Blades   | 2 4 5 6 8 10 | 10.0
Dodging        | 3 5 6 8 9 10 | 10.0
Evocations     | 4 6 9 |  9.0
Armour         | 3 4 6 10 12 14 18 | 18.0
Shields        | 3 5 6 10 14 18 | 18.0
Stealth        | 4 6 8 |  8.0
Unarmed Combat | 10 16 17 19 20 21 24 25 26 27 | 27.0

Action                     |  1- 3 |  4- 6 |  7- 9 | 10-12 | 13-15 | 16-18 | 19-21 | 22-24 | 25-27 || total
---------------------------+-------+-------+-------+-------+-------+-------+-------+-------+-------++-------
  Melee: Club              |    38 |       |       |       |       |       |       |       |       ||    38
         Dagger            |    69 |       |       |       |       |       |       |       |       ||    69
         Short sword       |    13 |    27 |   185 |   607 |  1242 |       |       |       |       ||  2074
         Punch             |       |     1 |       |       |       |       |       |       |       ||     1
         Unarmed           |       |       |       |       |   372 |  1554 |  1442 |  1904 |   266 ||  5538
   Fire: Sling             |    36 |    49 |   124 |     9 |       |       |       |       |       ||   218
  Throw: Throwing net      |       |       |       |       |       |     4 |       |       |       ||     4
         Dart              |       |       |       |       |       |       |     2 |       |     6 ||     8
 Invoke: Serpent's Lash    |       |       |       |     1 |    14 |    13 |     2 |     4 |     3 ||    37
         Heavenly Storm    |       |       |       |       |     1 |     1 |     2 |     2 |     1 ||     7
Ability: Lunge             |       |       |    21 |    41 |   109 |   150 |   107 |   145 |     9 ||   582
         Whirlwind         |       |       |     9 |   100 |   423 |   351 |   379 |   432 |    73 ||  1767
         Wall Jump         |       |       |       |       |     1 |       |       |     4 |       ||     5
  Evoke: Wand              |     3 |       |       |    19 |    16 |    15 |     1 |     1 |     3 ||    58
         Lightning rod     |       |       |       |       |     3 |     1 |     3 |       |       ||     7
         Phantom mirror    |       |       |       |       |       |     1 |       |       |       ||     1
         Phial of floods   |       |       |       |       |       |     1 |     1 |       |       ||     2
         Sack of spiders   |       |       |       |       |       |     1 |       |       |       ||     1
    Use: Scroll            |       |     8 |    15 |     5 |    10 |     6 |     7 |    12 |     1 ||    64
         Potion            |       |       |     3 |     1 |     3 |     1 |       |     8 |     4 ||    20
   Stab: Sleeping          |       |       |     1 |     9 |    22 |    17 |       |       |       ||    49
         Distracted        |       |       |     1 |       |     9 |     4 |     1 |     3 |       ||    18
         Invisible         |       |       |     1 |       |     1 |       |       |    11 |     1 ||    14
         Held in net/web   |       |       |       |       |       |     1 |       |       |       ||     1
 Armour: Leather armour    |    60 |       |       |       |       |       |       |       |       ||    60
         Ring mail         |    29 |    18 |   145 |   159 |   461 |   198 |       |       |       ||  1010
         Acid dragon scale |       |       |       |    25 |       |       |       |       |       ||    25
         Crystal plate arm |       |       |       |       |       |   529 |   625 |   864 |    74 ||  2092
  Dodge: Dodged            |    82 |     9 |    77 |   175 |   539 |   338 |   250 |   303 |    32 ||  1805
  Block: Buckler           |       |       |    41 |    73 |   250 |    13 |       |       |       ||   377
         Kite shield       |       |       |       |       |       |   519 |   320 |       |       ||   839
         Tower shield      |       |       |       |       |       |       |    53 |   835 |    85 ||   973

Table legend: (Time is in decaauts)
 A = Elapsed time spent in this place.
 B = Non-inter-level travel time spent in this place.
 C = Inter-level travel time spent in this place.
 D = Time resting spent in this place.
 E = Time spent auto-exploring this place.
 F = Levels seen in this place.
 G = Mean time per level.
                   A        B        C        D        E       F      G
               +--------+--------+--------+--------+--------+-----+--------+
         Total |  61971 |  56163 |   5808 |  19971 |  24070 |  48 | 1291.1 |
       Dungeon |  17059 |  14837 |   2222 |   4589 |   7487 |  15 | 1137.3 |
          Lair |   7256 |   6337 |    919 |   1711 |   3019 |   5 | 1451.2 |
        Shoals |   4692 |   4404 |    288 |   1332 |   1801 |   4 | 1173.0 |
     Snake Pit |   6664 |   6208 |    456 |   2167 |   2823 |   4 | 1666.0 |
  Orcish Mines |   1508 |   1380 |    128 |    424 |    756 |   2 |  754.0 |
   Elven Halls |   4644 |   4324 |    320 |   1451 |   2040 |   3 | 1548.0 |
        Vaults |   8972 |   8234 |    738 |   2986 |   3521 |   5 | 1794.4 |
        Depths |   7574 |   7025 |    549 |   3586 |   2023 |   4 | 1893.5 |
           Zot |   3222 |   3039 |    183 |   1524 |    597 |   5 |  644.4 |
       Volcano |    377 |    377 |      0 |    198 |      0 |   1 |  377.0 |
               +--------+--------+--------+--------+--------+-----+--------+

Top non-repeatable levels by time:
Depths:4: 3332 daAuts
  Lair:5: 2591 daAuts
Vaults:3: 2340 daAuts
   Elf:3: 2329 daAuts
Vaults:5: 2015 daAuts
 Snake:1: 1941 daAuts
    D:14: 1927 daAuts
 Snake:4: 1795 daAuts
 Snake:2: 1736 daAuts
Vaults:4: 1669 daAuts
    D:15: 1659 daAuts
     D:8: 1589 daAuts
Shoals:4: 1513 daAuts
Vaults:1: 1506 daAuts
Depths:1: 1501 daAuts
